[Event "Early-Titled-Tuesday-Blitz-March-26-2024"]
[Site "Chess.com"]
[Date "2024.03.26"]
[Round "11"]
[White "Brahianzevich"]
[Black "karinachess1"]
[Result "1-0"]
[WhiteElo "2476"]
[BlackElo "2596"]
[TimeControl "180+1"]
[EndTime "10:01:56 PDT"]
[Termination "Brahianzevich won by resignation"]

1. e4 e5 2. Nf3 Nc6 3. Bb5 Nge7 4. c3 a6 5. Ba4 b5 6. Bc2 d5 7. d4 exd4 8. Nxd4 Bb7 9. Nxc6 Bxc6 10.
exd5 Qxd5 11. Qxd5 Bxd5 12. O-O Ng6 13. Re1+ Kd7 14. a4 Bc5 15. Rd1 Kc6 16. Nd2 Rhe8 17.
axb5+ axb5 18. Rxa8 Rxa8 19. Nb3 Bb6 20. Nd4+ Bxd4 21. Rxd4 Ra1 22. Rd1 Nh4 23. f3 h6 24.
Kf2 Nf5 25. Bxf5 Bb3 26. Be4+ Kb6 27. Be3+ 1-0

[Event "Early-Titled-Tuesday-Blitz-March-26-2024"]
[Site "Chess.com"]
[Date "2024.03.26"]
[Round "11"]
[White "KNVB"]
[Black "Herzog2012"]
[Result "1-0"]
[WhiteElo "2752"]
[BlackElo "2528"]
[TimeControl "180+1"]
[EndTime "10:01:58 PDT"]
[Termination "KNVB won on time"]

1. e4 c5 2. e5 Nc6 3. c3 Nxe5 4.
d4 cxd4 5. cxd4 Ng6 6. h4 h5 7. Bd3 d6 8. Qc2 Be6 9. Nf3 Nf6 10. Ng5 Rc8 11. Nc3 Bc4 12. Qa4+ b5 13. Nxb5 Qd7 14.
Bxc4 d5 15. Nd6+ exd6 16. Bb5 1-0

[Event "Early-Titled-Tuesday-Blitz-March-26-2024"]
[Site "Chess.com"]
[Date "2024.03.26"]
[Round "11"]
[White "mbojan"]
[Black "deribas12345"]
[Result "1-0"]
[WhiteElo "2882"]
[BlackElo "2623"]
[TimeControl "180+1"]
[EndTime "10:02:07 PDT"]
[Termination "mbojan won by resignation"]

1. h3 c5 2. a3 d5 3. b4 cxb4 4. axb4 e5 5. Bb2 Bxb4 6. Bxe5 Nf6 7. Nf3 Nc6 8. Bxf6 Qxf6 9. c3 Bd6 10. e3 O-O 11.
Be2 Ne5 12. Na3 Bf5 13. Nxe5 Qxe5 14. Nc2 a5 15. Nd4 Bg6 16. f4 Qf6 17. O-O Bf5 18. Nxf5 Qxf5 19. Qb3 Rfb8 20. Bf3 b6 21. Qxd5 Qxd5 22. Bxd5 Ra7 23. Rfb1 a4 24. Rb5 a3 25. Ra2 Ra5 26. Rxa5 bxa5 27. Kf2 Kf8 28. d4 Rb2+ 29. Kf3 f6 30. Rxb2 axb2 31. Ba2 a4 32. e4 Ke7 33.
e5 fxe5 34. fxe5 Bb8 35. Ke4 Ba7 36. c4 Bb6 37. c5 Ba7 38. Kd5 Kd7 39. Kc4 a3 40. d5 1-0

[Event "Early-Titled-Tuesday-Blitz-March-26-2024"]
[Site "Chess.com"]
[Date "2024.03.26"]
[Round "11"]
[White "artin10862"]
[Black "DavidGavrilescu18"]
[Result "0-1"]
[WhiteElo "2887"]
[BlackElo "2789"]
[TimeControl "180+1"]
[EndTime "10:02:08 PDT"]
[Termination "DavidGavrilescu18 won by resignation"]

1. e4 c5 2. Nf3 a6 3. c4 Nc6 4.
d4 cxd4 5. Nxd4 e5 6. Nc2 Bc5 7. Nc3 d6 8. Be2 Nge7 9. O-O O-O 10. Be3 Bxe3 11. Nxe3 Be6 12. Nc2 Rc8 13. b3 f5 14.
exf5 Nxf5 15. Bf3 Kh8 16. Bd5 Bd7 17. Ne4 b5 18. c5 dxc5 19. Nxc5 Ncd4 20. Nxd7 Qxd7 21.
Be4 Qf7 22. Nb4 Rcd8 23. Qg4 Rd6 24. Nd3 Rg6 25. Qh3 Rh6 26. Qg4 Rh4 27. Bxf5 Rxg4 28. Bxg4 e4 29. Nc5 h5 30. Bd1 e3 0-1

[Event "Early-Titled-Tuesday-Blitz-March-26-2024"]
[Site "Chess.com"]
[Date "2024.03.26"]
[Round "11"]
[White "ChempionBg"]
[Black "JaackCamel"]
[Result "1-0"]
[WhiteElo "2317"]
[BlackElo "2182"]
[TimeControl "180+1"]
[EndTime "10:02:26 PDT"]
[Termination "ChempionBg won by resignation"]

1. d4 d5 2. c4 e6 3. Nf3 c6 4. g3 dxc4 5. Bg2 b5 6. O-O Bb7 7. Ne5 Qc8 8. Nc3 Nd7 9. a4 a6 10. axb5 cxb5 11. Nxd7 Qxd7 12. d5 Nf6 13. dxe6 Qxd1 14.
Rxd1 Bxg2 15. Kxg2 b4 16. Nb5 Ke7 17. Be3 Ne8 18.
exf7 Kxf7 19. Na7 Nc7 20. Rd7+ 1-0

[Event "Early-Titled-Tuesday-Blitz-March-26-2024"]
[Site "Chess.com"]
[Date "2024.03.26"]
[Round "11"]
[White "Kostya0705"]
[Black "CSB7"]
[Result "1/2-1/2"]
[WhiteElo "2600"]
[BlackElo "2766"]
[TimeControl "180+1"]
[EndTime "10:02:29 PDT"]
[Termination "Game drawn by agreement"]

1. e4 c5 2. Nf3 e6 3. d4 cxd4 4. Nxd4 Nc6 5. Nc3 Nf6 6. Ndb5 Bc5 7. Bf4 O-O 8. Bc7 Qe7 9. Bd6 Bxd6 10. Qxd6 Qd8 11. Nc7 Rb8 12. Be2 b5 13. e5 b4 14.
exf6 bxc3 15. fxg7 Kxg7 16. bxc3 Qf6 17. Qg3+ Kh8 18.
Nb5 a6 19. Nd6 Rg8 20. Qf3 Qxf3 21. Bxf3 Ne5 22. Ke2 a5 23. Rab1 Ba6+ 24. Ke3 Nc4+ 25. Nxc4 Bxc4 26. a3 Kg7 27. Rhd1 d5 28. Be2 Bxe2 29.
Kxe2 Rgc8 30. Kd3 Rxb1 31. Rxb1 Rc4 32. Rb5 Ra4 33. Rb3 h5 34. g3 h4 35. Ke3 Kg6 1/2-1/2

[Event "Early-Titled-Tuesday-Blitz-March-26-2024"]
[Site "Chess.com"]
[Date "2024.03.26"]
[Round "11"]
[White "Lucky_Puncher"]
[Black "Kunalm64"]
[Result "1-0"]
[WhiteElo "2500"]
[BlackElo "2620"]
[TimeControl "180+1"]
[EndTime "10:02:35 PDT"]
[Termination "Lucky_Puncher won by resignation"]

1. d4 Nf6 2. c4 e6 3. Nc3 Bb4 4. e3 O-O 5. Bd3 d5 6. a3 Bxc3+ 7. bxc3 c5 8. Ne2 Nc6 9. cxd5 exd5 10. O-O b6 11. a4 Re8 12. Bb5 Qc7 13. a5 Bd7 14. axb6 axb6 15. Ba3 c4 16. Nf4 Ra5 17. Bxc6 Qxc6 18.
Bb4 Rxa1 19. Qxa1 Ra8 20. Qb1 g6 21. Qb2 Kg7 22. Ra1 Bf5 23. h3 g5 24. Ne2 h6 25.
Ng3 Bg6 26. Rxa8 Qxa8 27. Bd6 Qc6 28. Be5 Kg8 29. f4 Nd7 30. f5 f6 31. fxg6 f5 32. Nxf5 1-0

[Event "Early-Titled-Tuesday-Blitz-March-26-2024"]
[Site "Chess.com"]
[Date "2024.03.26"]
[Round "11"]
[White "balack95"]
[Black "Bilan_Danila"]
[Result "0-1"]
[WhiteElo "2455"]
[BlackElo "2628"]
[TimeControl "180+1"]
[EndTime "10:02:36 PDT"]
[Termination "Bilan_Danila won by resignation"]

1. d4 d5 2. c4 c6 3. cxd5 cxd5 4. Bf4 Nf6 5. Nc3 Nc6 6. e3 Bf5 7. Qb3 Na5 8. Qa4+ Bd7 9. Qc2 Rc8 10. Bd3 e6 11. Nf3 Nc4 12. O-O Bd6 13. Bxc4 Bxf4 14. Bd3 Bd6 15. Ne5 Bxe5 16. dxe5 Ng8 17. Rac1 Ne7 18. f4 g6 19. Qb3 Bc6 20. Ne2 O-O 21. Rc2 Qd7 22. Nd4 Ba4 23. Rxc8 Bxb3 24. Rxf8+ Kxf8 25. Nxb3 Nc6 26. a3 d4 27. e4 Qc7 28. Rc1 Qb6 29. Bc4 d3+ 30. Kf1 Qe3 31. g3 Nd4 32. Nxd4 Qxc1+ 0-1

[Event "Early-Titled-Tuesday-Blitz-March-26-2024"]
[Site "Chess.com"]
[Date "2024.03.26"]
[Round "11"]
[White "Mindhunter08"]
[Black "Cheer_Down"]
[Result "1-0"]
[WhiteElo "2645"]
[BlackElo "2491"]
[TimeControl "180+1"]
[EndTime "10:02:37 PDT"]
[Termination "Mindhunter08 won by resignation"]

1. e4 e5 2. Nf3 Nc6 3. Bc4 Nf6 4. d3 Bc5 5. c3 O-O 6. Nbd2 d5 7. exd5 Nxd5 8. O-O Nb6 9. Bb5 Bf5 10. a4 Bxd3 11. Re1 a5 12. Nb3 e4 13. Bxd3 Bxf2+ 14. Kxf2 exd3 15.
Be3 Nc4 16. Nc5 Nxb2 17. Qb3 d2 18. Bxd2 Nd3+ 19. Nxd3 Qxd3 20. Be3 b6 21. Rad1 Qg6 22. Kg1 h6 23. Qc4 Rad8 24. Bf4 Ne7 25. Rxd8 Rxd8 26.
Rxe7 Qb1+ 27. Re1 1-0

[Event "Early-Titled-Tuesday-Blitz-March-26-2024"]
[Site "Chess.com"]
[Date "2024.03.26"]
[Round "11"]
[White "PolandHussars"]
[Black "Meri-Arabidze"]
[Result "0-1"]
[WhiteElo "2558"]
[BlackElo "2675"]
[TimeControl "180+1"]
[EndTime "10:02:41 PDT"]
[Termination "Meri-Arabidze won by checkmate"]

1. e4 c5 2. Ne2 e5 3. Nbc3 Nc6 4. Nd5 g6 5. Nec3 d6 6. Bc4 Bg7 7. d3 Be6 8. O-O a6 9. a4 Nf6 10. f4 exf4 11. Bxf4 Nh5 12. Be3 O-O 13. g4 Bd4 14. gxh5 Qg5+ 15. Kh1 Bxe3 16. hxg6 hxg6 17. Rf3 Bd4 18.
Rg3 Qh6 19. Qf1 Be5 20. Nf6+ Kg7 21. Ng4 Bxg4 22. Rxg4 Qxh2# 0-1

[Event "Early-Titled-Tuesday-Blitz-March-26-2024"]
[Site "Chess.com"]
[Date "2024.03.26"]
[Round "11"]
[White "Shuvalov"]
[Black "lagunanivaria"]
[Result "1-0"]
[WhiteElo "2590"]
[BlackElo "2451"]
[TimeControl "180+1"]
[EndTime "10:02:42 PDT"]
[Termination "Shuvalov won by checkmate"]

1. Nf3 Nf6 2. c4 e6 3. g3 d5 4.
Bg2 dxc4 5. Qa4+ Nbd7 6. Qxc4 c5 7. O-O Be7 8. d4 Nb6 9. Qd3 cxd4 10. Qxd4 O-O 11. Nc3 Nfd5 12. Nxd5 exd5 13. Bf4 Be6 14. Rac1 Nc4 15. b3 Bf6 16. Qd3 Nb6 17. Nd4 a6 18. Bc7 Qe8 19. Bxb6 Bd7 20. e3 a5 21. Bc5 Be7 22.
Bxe7 Qxe7 23. Bxd5 Rad8 24. Qe4 Qf6 25. Bxb7 g6 26. Qf4 Qb6 27. Bg2 a4 28. Nc6 Rde8 29. Qf6 Bxc6 30. Rxc6 Qb4 31. Bd5 axb3 32. Bxb3 Rb8 33.
Rc7 Rb7 34. Bxf7+ Rxf7 35. Qxf7+ Kh8 36. Qg7# 1-0

[Event "Early-Titled-Tuesday-Blitz-March-26-2024"]
[Site "Chess.com"]
[Date "2024.03.26"]
[Round "11"]
[White "FREDERICKtheMATE"]
[Black "Viktor_Poddubnyi"]
[Result "1-0"]
[WhiteElo "2676"]
[BlackElo "2312"]
[TimeControl "180+1"]
[EndTime "10:02:52 PDT"]
[Termination "FREDERICKtheMATE won by resignation"]

1. Nf3 g6 2. e4 Bg7 3. d4 d6 4. c4 Bg4 5. Be2 Nc6 6. Be3 e5 7. d5 Bxf3 8. Bxf3 Nd4 9. g3 h5 10. h4 Nf6 11. Nc3 O-O 12. Bg5 c5 13. O-O a6 14. a4 b6 15. Kg2 Qd7 16. Be2 Rae8 17. Qd3 Rb8 18. Rh1 Kh7 19. Raf1 Ng4 20. f3 Nh6 21.
Bd1 Rbe8 22. g4 hxg4 23. fxg4 Nxg4 24. h5 gxh5 25. Rxh5+ Kg6 26. Qh3 Nf6 27. Rh6+ 1-0

[Event "Early-Titled-Tuesday-Blitz-March-26-2024"]
[Site "Chess.com"]
[Date "2024.03.26"]
[Round "11"]
[White "MatthewG-p4p"]
[Black "Aradhya2000"]
[Result "1-0"]
[WhiteElo "2879"]
[BlackElo "2749"]
[TimeControl "180+1"]
[EndTime "10:02:58 PDT"]
[Termination "MatthewG-p4p won by resignation"]

1. f4 d5 2. Nf3 c5 3. g3 Nc6 4. Bg2 g6 5. O-O Bg7 6. d3 Nf6 7. Nc3 d4 8. Na4 Nd7 9. c4 dxc3 10. Nxc3 O-O 11. e4 Rb8 12. a4 b6 13. Be3 Bb7 14. e5 Nb4 15. d4 e6 16. Nb5 a6 17. Nd6 Bd5 18. g4 f5 19. gxf5 gxf5 20. Bd2 Nc6 21. Bc3 b5 22. Ng5 cxd4 23. Bxd5 exd5 24.
Bxd4 Ndxe5 25. Bxe5 Bxe5 26. Qxd5+ Kh8 27. Ngf7+ Kg7 28.
Nxd8 1-0

[Event "Early-Titled-Tuesday-Blitz-March-26-2024"]
[Site "Chess.com"]
[Date "2024.03.26"]
[Round "11"]
[White "mertfelin"]
[Black "Golubovsky"]
[Result "0-1"]
[WhiteElo "2397"]
[BlackElo "2490"]
[TimeControl "180+1"]
[EndTime "10:02:59 PDT"]
[Termination "Golubovsky won by checkmate"]

1. e4 c5 2. Nf3 d6 3. d4 cxd4 4. Nxd4 Nf6 5. Nc3 a6 6. h3 e5 7. Nf3 Nbd7 8. Be3 b5 9. g4 Bb7 10. g5 Nxe4 11. Nxe4 Bxe4 12. Bg2 Be7 13. O-O d5 14. c3 O-O 15. Qe2 Qc7 16. a3 Nb6 17. Rad1 Nc4 18. Bc1 Rad8 19. Nh4 Bxg2 20. Nxg2 e4 21.
Rfe1 Qe5 22. Qg4 f5 23. Qh4 d4 24. Bf4 Qc5 25. cxd4 Rxd4 26. Rc1 Qd5 27. Ne3 Nxe3 28. Bxe3 Rd3 29. Rc7 Bd6 30. Ra7 f4 31. g6 hxg6 32. Bb6 Rd1 33. Rxd1 Qxd1+ 34. Kg2 f3# 0-1

[Event "Early-Titled-Tuesday-Blitz-March-26-2024"]
[Site "Chess.com"]
[Date "2024.03.26"]
[Round "11"]
[White "GeorgiosSouleidis"]
[Black "CFalcons8"]
[Result "1-0"]
[WhiteElo "2578"]
[BlackElo "2395"]
[TimeControl "180+1"]
[EndTime "10:03:00 PDT"]
[Termination "GeorgiosSouleidis won by resignation"]

1. e4 e5 2. Nc3 Nf6 3. d4 exd4 4. Qxd4 Nc6 5. Qd3 Bb4 6. Bd2 O-O 7. O-O-O d6 8. Qg3 Ne5 9. f3 a6 10. h4 Kh8 11. h5 b5 12. h6 g6 13. Nge2 Rg8 14. Bg5 Be6 15. Qh4 Ned7 16. f4 Bc5 17. e5 Be3+ 18. Kb1 dxe5 19. Rxd7 Nxd7 20. Bxd8 Raxd8 21. fxe5 g5 22. Qe4 Bc5 23. Ng3 Nf8 24. Bd3 Ng6 25.
a3 Rd4 26. Qc6 Bb6 27. Bxg6 Rxg6 28. Qe8+ Rg8 29. Qe7 Rg6 30. Rd1 Rxd1+ 31. Nxd1 Bg4 32. Qd8+ 1-0

[Event "Early-Titled-Tuesday-Blitz-March-26-2024"]
[Site "Chess.com"]
[Date "2024.03.26"]
[Round "11"]
[White "chess_blitz00"]
[Black "ActorXu"]
[Result "0-1"]
[WhiteElo "2588"]
[BlackElo "2855"]
[TimeControl "180+1"]
[EndTime "10:03:03 PDT"]
[Termination "ActorXu won by checkmate"]

1. Nf3 d5 2. g3 Nc6 3. d4 Bf5 4. Bg2 e6 5. O-O Nb4 6. Na3 Nc6 7. Nb1 Be7 8. a3 Nf6 9. c4 Ne4 10. cxd5 exd5 11. Nc3 h5 12. h4 Qd7 13. Bf4 f6 14. Nb5 Rc8 15. Nc3 Nxc3 16. bxc3 Na5 17. Nd2 Bh3 18. Bxh3 Qxh3 19. Qa4+ Nc6 20. Qb3 g5 21. hxg5 fxg5 22. Be5 Nxe5 23. dxe5 h4 24. Qa4+ b5 25. Qxb5+ c6 26. Qd3 hxg3 27. Qg6+ Kd8 28. Nf3 Qh1# 0-1

[Event "Early-Titled-Tuesday-Blitz-March-26-2024"]
[Site "Chess.com"]
[Date "2024.03.26"]
[Round "11"]
[White "Igor_Lysyj"]
[Black "Ginger_GM"]
[Result "0-1"]
[WhiteElo "2847"]
[BlackElo "2640"]
[TimeControl "180+1"]
[EndTime "10:03:05 PDT"]
[Termination "Ginger_GM won by resignation"]

1. d4 e6 2. c4 f5 3. Nf3 Nf6 4.
g3 Be7 5. Bg2 O-O 6. O-O d6 7.
b3 Ne4 8. Bb2 Bf6 9. Nbd2 Nc6 10.
e3 Nxd2 11. Nxd2 e5 12. dxe5 dxe5 13. Bd5+ Kh8 14. Nf3 Qe7 15. Qc1 Nb4 16. Ba3 c6 17.
e4 a5 18. Qd2 cxd5 19. exd5 f4 20. Rfe1 Bg4 21. Nd4 Qf7 22. Nb5 Qh5 0-1

[Event "Early-Titled-Tuesday-Blitz-March-26-2024"]
[Site "Chess.com"]
[Date "2024.03.26"]
[Round "11"]
[White "MyDream003"]
[Black "hakanazeri2"]
[Result "1-0"]
[WhiteElo "2792"]
[BlackElo "2593"]
[TimeControl "180+1"]
[EndTime "10:03:10 PDT"]
[Termination "MyDream003 won by checkmate"]

1. Nf3 Nf6 2. b3 g6 3. Bb2 Bg7 4. d4 O-O 5. e3 d6 6. Be2 c6 7. O-O Nbd7 8. c4 Qc7 9. Nc3 e5 10. dxe5 dxe5 11. Qc2 Re8 12. Rad1 a5 13. Ng5 Nc5 14.
Ba3 b6 15. Bxc5 bxc5 16. Nge4 Bf5 17. Nxf6+ Bxf6 18. Bd3 Bxd3 19. Qxd3 Rad8 20. Qc2 Bg7 21. Rxd8 Rxd8 22. Rd1 f5 23. h3 e4 24. Na4 Rxd1+ 25.
Qxd1 Qe5 26. g3 h5 27. h4 Kh7 28. Kg2 Kh6 29. Qd7 f4 30. gxf4 Qf6 31. Nxc5 Qxh4 32.
Nxe4 a4 33. bxa4 g5 34. Nxg5 c5 35. a5 Bf6 36. Qh7# 1-0

[Event "Early-Titled-Tuesday-Blitz-March-26-2024"]
[Site "Chess.com"]
[Date "2024.03.26"]
[Round "11"]
[White "YegoryoCh"]
[Black "AlexeiShirov"]
[Result "1-0"]
[WhiteElo "2547"]
[BlackElo "2832"]
[TimeControl "180+1"]
[EndTime "10:03:12 PDT"]
[Termination "YegoryoCh won by checkmate"]

1. e4 e5 2. Nf3 Nc6 3. d4 exd4 4. Nxd4 Qf6 5. Nb5 Bc5 6. Qe2 Bb6 7. Be3 Ba5+ 8. Bd2 Qxb2 9. Bxa5 Qxa1 10. Nxc7+ Kf8 11.
Qb5 a6 12. Bb4+ Nge7 13. Bxe7+ Nxe7 14. Qb4 Rb8 15. Bc4 Qe5 16. Nd5 a5 17. Qxa5 b5 18. Qd8# 1-0

[Event "Early-Titled-Tuesday-Blitz-March-26-2024"]
[Site "Chess.com"]
[Date "2024.03.26"]
[Round "11"]
[White "Kapitan_Bayan"]
[Black "Attacker_2006"]
[Result "1-0"]
[WhiteElo "2281"]
[BlackElo "2395"]
[TimeControl "180+1"]
[EndTime "10:03:12 PDT"]
[Termination "Kapitan_Bayan won by checkmate"]

1. e4 c5 2. Nf3 d6 3. d4 cxd4 4. Nxd4 Nf6 5. Nc3 g6 6. Be3 Bg7 7. f3 O-O 8. Qd2 Nc6 9. O-O-O d5 10. exd5 Nxd5 11. Nxc6 bxc6 12. Bd4 e5 13. Bc5 Re8 14.
Ne4 Be6 15. h4 f5 16. Ng5 Qf6 17. Nxe6 Rxe6 18. Bc4 e4 19. c3 e3 20. Qc2 e2 21.
Bxe2 Rb8 22. Bd4 Bh6+ 23. Kb1 Rxe2 24. Qxe2 Qxd4 25. Qe6+ Kh8 26. Rxd4 Bg7 27. Rxd5 cxd5 28. Qxd5 Bxc3 29. b3 a5 30. Rc1 Bf6 31. Rc7 Bg7 32. Qf7 Rg8 33. h5 gxh5 34. Qxf5 a4 35. Qxh5 axb3 36. axb3 Ra8 37. Rxg7 Kxg7 38. Qg4+ Kh6 39.
Qf4+ Kh5 40. Qe5+ Kh6 41. Qf6+ Kh5 42. g4# 1-0

[Event "Early-Titled-Tuesday-Blitz-March-26-2024"]
[Site "Chess.com"]
[Date "2024.03.26"]
[Round "11"]
[White "MikeWizard"]
[Black "Aural1011"]
[Result "1-0"]
[WhiteElo "2094"]
[BlackElo "1799"]
[TimeControl "180+1"]
[EndTime "10:03:17 PDT"]
[Termination "MikeWizard won on time"]

1. d4 Nf6 2. c4 e6 3. Nf3 d5 4.
cxd5 exd5 5. Bg5 Be7 6. Qc2 O-O 7. e3 h6 8. Bh4 Re8 9. Bd3 Ne4 10. Bg3 Bd6 11.
Nc3 Bb4 12. O-O-O Bxc3 13. bxc3 c6 14. Nd2 f5 15. Nb3 a5 16. Be5 a4 17. Na1 Nd7 18.
f4 b5 19. g4 Nxe5 20. fxe5 Qe7 21. Bxe4 fxe4 22. Rhg1 b4 23. c4 Qh4 24. Rdf1 Bxg4 25.
Rf4 h5 26. Qg2 Rf8 27. Rgf1 Rxf4 28. exf4 1-0

[Event "Early-Titled-Tuesday-Blitz-March-26-2024"]
[Site "Chess.com"]
[Date "2024.03.26"]
[Round "11"]
[White "agvania123"]
[Black "Yuruultei"]
[Result "1-0"]
[WhiteElo "2422"]
[BlackElo "2263"]
[TimeControl "180+1"]
[EndTime "10:03:19 PDT"]
[Termination "agvania123 won by checkmate"]

1. c4 Nf6 2. Nc3 g6 3. e4 Bg7 4. g3 O-O 5. Bg2 d6 6. Nge2 e5 7. O-O c5 8. d3 Nc6 9. h3 h6 10.
f4 Nd4 11. Nxd4 cxd4 12. Ne2 Bd7 13. g4 b5 14. b3 a5 15. a4 bxa4 16. bxa4 Rb8 17.
Ng3 Qb6 18. Ba3 Qc6 19. Bf3 Rfc8 20. h4 Rb7 21. g5 hxg5 22. fxg5 Ne8 23. Bg4 Rcb8 24.
h5 Bxg4 25. Qxg4 Rb3 26. hxg6 fxg6 27. Qe6+ Kh7 28. Ra2 Bh6 29. Rh2 R8b7 30. Rxh6+ Kg7 31. Qxg6# 1-0

[Event "Early-Titled-Tuesday-Blitz-March-26-2024"]
[Site "Chess.com"]
[Date "2024.03.26"]
[Round "11"]
[White "Dixit_Nikhil"]
[Black "AA95"]
[Result "0-1"]
[WhiteElo "2627"]
[BlackElo "2497"]
[TimeControl "180+1"]
[EndTime "10:03:22 PDT"]
[Termination "AA95 won by checkmate"]

1. e4 c5 2. Nf3 d6 3. d4 cxd4 4. Nxd4 Nf6 5. Nc3 a6 6. h3 h5 7. Bg5 e5 8. Nb3 Be7 9. Qf3 Be6 10. O-O-O Nbd7 11. Bd3 Qc7 12. Kb1 O-O-O 13. Bxf6 Nxf6 14. Nd5 Bxd5 15. exd5 g6 16. c4 Kb8 17. Rc1 b6 18. c5 dxc5 19. Bxa6 e4 20. Qe2 Rxd5 21. a4 Rhd8 22.
Bc4 Rg5 23. Bxf7 Bd6 24. Be6 Rxg2 25. a5 Bf4 26. axb6 Qxb6 27. Nxc5 Rd2 28. Na4 Rxe2 29.
Nxb6 Bxc1 30. Rxc1 Rgxf2 31. Na4 Rd2 32. Rc8+ Kb7 33. Nc5+ Ka7 34. b4 Rd1# 0-1

[Event "Early-Titled-Tuesday-Blitz-March-26-2024"]
[Site "Chess.com"]
[Date "2024.03.26"]
[Round "11"]
[White "Tol_Tol"]
[Black "Roedor"]
[Result "0-1"]
[WhiteElo "2323"]
[BlackElo "2419"]
[TimeControl "180+1"]
[EndTime "10:03:23 PDT"]
[Termination "Roedor won by resignation"]

1. d4 Nf6 2. c4 g6 3. Nc3 Bg7 4. e4 d6 5. f3 O-O 6. Be3 c5 7. dxc5 dxc5 8. Qxd8 Rxd8 9. Bxc5 Nc6 10. Nd5 e6 11.
Ne7+ Nxe7 12. Bxe7 Re8 13. Ba3 Nd7 14. O-O-O Ne5 15.
Kb1 b6 16. b3 a5 17. Bb2 a4 18.
h3 axb3 19. axb3 Nc6 20. Bxg7 Kxg7 21. Ne2 Re7 22. Nc3 Rea7 23. Kb2 g5 24. Be2 Ne5 25. Nb5 Ra2+ 26. Kc3 Rxe2 27. Ra1 Rxa1 28. Rxa1 Bd7 29. Nd4 Rxg2 30. Ra7 Rg3 31. b4 Be8 32. Re7 Kf8 33.
Rb7 Nxf3 34. Rxb6 Ne5+ 35. Kc2 Nxc4 36. Rb8 Rxh3 37. b5 g4 38. Nc6 g3 39. Kc3 g2+ 40.
Kxc4 g1=Q 41. b6 Qc1+ 0-1

[Event "Early-Titled-Tuesday-Blitz-March-26-2024"]
[Site "Chess.com"]
[Date "2024.03.26"]
[Round "11"]
[White "Flaccidmoves"]
[Black "HanSchut"]
[Result "1/2-1/2"]
[WhiteElo "2439"]
[BlackElo "2283"]
[TimeControl "180+1"]
[EndTime "10:03:24 PDT"]
[Termination "Game drawn by repetition"]

1. c4 Nf6 2. Nc3 d5 3. cxd5 Nxd5 4. Nf3 c5 5. e3 Nc6 6. Bb5 Nb4 7. a3 Nd3+ 8. Bxd3 Qxd3 9. Qe2 Qxe2+ 10. Kxe2 Bg4 11. h3 Bxf3+ 12. gxf3 O-O-O 13. b3 e5 14. Ne4 Be7 15. h4 h6 16. h5 f5 17. Nc3 Bf6 18. Bb2 Rhe8 19.
Rac1 Nd4+ 20. exd4 exd4+ 21. Kf1 dxc3 22. Bxc3 Bxc3 23.
Rxc3 Rxd2 24. Rxc5+ Kd7 25. Kg2 Ree2 26. Rf1 Ke6 27.
Rc7 Rd7 28. Rxd7 Kxd7 29. Rd1+ Ke6 30. Kg3 Ra2 31. a4 Rb2 32. Rd3 Kf6 33. Kf4 Ke6 34.
Re3+ Kf6 35. Rd3 Ke6 36. Re3+ Kf6 37. Rd3 1/2-1/2

[Event "Early-Titled-Tuesday-Blitz-March-26-2024"]
[Site "Chess.com"]
[Date "2024.03.26"]
[Round "11"]
[White "Zhani-Z"]
[Black "GlavkonVVS"]
[Result "0-1"]
[WhiteElo "2318"]
[BlackElo "2645"]
[TimeControl "180+1"]
[EndTime "10:03:25 PDT"]
[Termination "GlavkonVVS won by resignation"]

1. e4 Nf6 2. e5 Nd5 3. d4 d6 4. c4 Nb6 5. exd6 cxd6 6. Nc3 g6 7.
Bd3 Bg7 8. Nge2 O-O 9. O-O Nc6 10. d5 Ne5 11. b3 f5 12. Be3 e6 13. dxe6 Bxe6 14. Rc1 g5 15. f4 Ng4 16. Bd4 Nd7 17. Qd2 Nc5 18. h3 Nf6 19. fxg5 Nfe4 20. Bxe4 Nxe4 21. Nxe4 fxe4 22. Bxg7 Kxg7 23. Qd4+ Kg8 24. Qxe4 Qd7 25. Nd4 Bf7 26. Nf5 Bg6 27. Nh6+ Kh8 28. Qd4+ Qg7 29. Qe4 Bxe4 0-1

[Event "Early-Titled-Tuesday-Blitz-March-26-2024"]
[Site "Chess.com"]
[Date "2024.03.26"]
[Round "11"]
[White "biveklama"]
[Black "cthulhuuu"]
[Result "1-0"]
[WhiteElo "2581"]
[BlackElo "2425"]
[TimeControl "180+1"]
[EndTime "10:03:28 PDT"]
[Termination "biveklama won on time"]

1. e4 d6 2. d4 Nf6 3. Nc3 c6 4. f4 Qb6 5. Nf3 Bg4 6. h3 Bxf3 7. Qxf3 e6 8. Qf2 d5 9. e5 Nfd7 10. a3 c5 11. Ne2 Nc6 12. c3 g6 13. b4 cxd4 14. Nxd4 Nxd4 15. Qxd4 Rc8 16. Be3 Qc7 17. Rc1 Nb6 18. Bb5+ Kd8 19. c4 Ke7 20. cxd5 Qxc1+ 21. Bxc1 Rxc1+ 22. Kd2 Rxh1 23. d6+ Kd8 24. Qc5 Bxd6 25. exd6 Nd5 26. Qxa7 1-0

[Event "Early-Titled-Tuesday-Blitz-March-26-2024"]
[Site "Chess.com"]
[Date "2024.03.26"]
[Round "11"]
[White "LeninGuerra"]
[Black "LeoWin2012"]
[Result "1-0"]
[WhiteElo "2673"]
[BlackElo "2285"]
[TimeControl "180+1"]
[EndTime "10:03:29 PDT"]
[Termination "LeninGuerra won by checkmate"]

1. e4 e5 2. Nf3 Nf6 3. Nc3 Nc6 4. Bc4 Bc5 5. d3 d6 6. Bg5 Bg4 7. h3 Bh5 8. g4 Bg6 9. Nd5 h6 10. Bxf6 gxf6 11. Nh4 a6 12. c3 b5 13. Bb3 Na5 14. Qf3 Nxb3 15. axb3 c6 16. Nxf6+ Ke7 17. Nh5 Rf8 18.
Nf5+ Bxf5 19. Qxf5 f6 20. Ke2 Qe8 21. b4 Bb6 22.
Ra2 a5 23. bxa5 Rxa5 24. Rxa5 Bxa5 25. Ra1 Bb6 26. Ra6 Qb8 27. Ng7 Kf7 28. Qd7+ Kg6 29. Nf5 Rf7 30. Qxc6 Bc5 31. Ra8 Qc7 32. Rg8+ Kh7 33.
Qe8 Bxf2 34. Rh8+ Kg6 35. Rxh6+ Kg5 36. Kf3 Qc5 37. Qg8+ Rg7 38. Qxg7# 1-0

[Event "Early-Titled-Tuesday-Blitz-March-26-2024"]
[Site "Chess.com"]
[Date "2024.03.26"]
[Round "11"]
[White "nabukatnezarr"]
[Black "gummigisla"]
[Result "1-0"]
[WhiteElo "2599"]
[BlackElo "2433"]
[TimeControl "180+1"]
[EndTime "10:03:30 PDT"]
[Termination "nabukatnezarr won by resignation"]

1. b3 d5 2. Bb2 d4 3. e3 c5 4. Nf3 Nc6 5. Bb5 dxe3 6. dxe3 Bd7 7.
O-O f6 8. Qe2 e6 9. Rd1 Qc7 10.
Nh4 g6 11. Na3 a6 12. Bxc6 Bxc6 13. e4 b5 14. Rd2 e5 15. Rad1 Nh6 16. c4 b4 17. Nc2 Be7 18. Ne3 O-O 19. Nd5 Bxd5 20. Rxd5 Rad8 21. g3 Rxd5 22. Rxd5 Rd8 23. Qd2 Nf7 24.
Ng2 Nd6 25. f3 Nc8 26. Ne3 Nb6 27. Rxd8+ Qxd8 28. Nd5 Nxd5 29. Qxd5+ Qxd5 30. cxd5 Kf8 31. Kf1 Ke8 32. Ke2 Kd7 33. Kd3 Kc7 34. Kc4 Kb6 35.
f4 Bd6 36. fxe5 fxe5 37. Bc1 Kc7 38. Bg5 Kb6 39. Bd8+ Kb7 40. h3 Kc8 41. Bb6 1-0

[Event "Early-Titled-Tuesday-Blitz-March-26-2024"]
[Site "Chess.com"]
[Date "2024.03.26"]
[Round "11"]
[White "Chess_Gainz"]
[Black "KorolDimitriy75"]
[Result "1-0"]
[WhiteElo "2532"]
[BlackElo "2376"]
[TimeControl "180+1"]
[EndTime "10:03:33 PDT"]
[Termination "Chess_Gainz won on time"]

1. e4 c5 2. Nf3 d6 3. d4 cxd4 4. Nxd4 Nf6 5. Nc3 g6 6. Be3 Bg7 7. f3 O-O 8. Qd2 Nc6 9. g4 Be6 10. Nxe6 fxe6 11. O-O-O Ne5 12. Be2 Qc8 13. h4 Nc4 14. Bxc4 Qxc4 15. Bd4 e5 16. Be3 b5 17.
Kb1 b4 18. Ne2 a5 19. h5 a4 20. hxg6 hxg6 21. Bh6 b3 22. cxb3 axb3 23. a3 Bxh6 24. Rxh6 Kg7 25. Nc3 Rh8 26. Rdh1 Rxh6 27. Qxh6+ Kf7 28. Qe3 Ke6 29. Rc1 Qa6 30. g5 Nh5 31. Nd5 Kf7 32. Nc7 Qa7 33. Qxb3+ Kg7 34. Nxa8 Qxa8 35.
Rc8 Qxc8 36. a4 Qc5 37. Qb7 Kf7 38. b4 Qc3 39. Qd5+ Kg7 40. Qb5 Nf4 41. Qe8 Qxb4+ 42.
Kc2 Qc5+ 43. Kb3 Qb6+ 44. Ka2 1-0